 Dungeon Crawl Stone Soup version 0.28.0-49-g6dfe1f597d (webtiles) character file.

Game seed: 12524175693509505153

4105 nickcage the Zephyrmancer (level 10, -11/52 HPs)
             Began as a Deep Elf Air Elementalist on May 10, 2022.
             Was a Follower of Vehumet.
             Mangled by a polar bear (13 damage)
             ... on level 9 of the Dungeon on May 11, 2022.
             The game lasted 00:41:34 (12345 turns).

nickcage the Zephyrmancer (DEAE)                   Turns: 12345, Time: 00:41:35

Health: -11/52     AC: 10    Str:  5    XL:     10   Next: 6%
Magic:  8/24       EV: 12    Int: 25    God:    Vehumet [*.....]
Gold:   407        SH:  5    Dex: 15    Spells: 17/25 levels left

rFire   . . .      SeeInvis .   y - staff of air
rCold   . . .      Faith    .   (no shield)
rNeg    . . .      Spirit   .   q - +0 steam dragon scales
rPois   .          Reflect  +   (no helmet)
rElec   +          Harm     .   (no cloak)
rCorr   .          Rampage  .   u - +1 pair of gloves
Will    +....                   p - +2 pair of boots
Stlth   ++........              B - amulet of reflection
HPRegen 0.17/turn               (no ring)
MPRegen 0.19/turn               (no ring)

@: no status effects
A: no striking features
a: Renounce Religion


You were on level 9 of the Dungeon.
You worshipped Vehumet.
Vehumet was aware of your devotion.
You visited 2 branches of the dungeon, and saw 10 of its levels.
You also visited: Sewer.

You collected 452 gold pieces.
You spent 45 gold pieces at shops.

Inventory:

Hand Weapons
 d - a +0 dagger
 o - a +3 short sword of venom
 s - a +3 long sword
Armour
 a - a +1 robe
 p - a +2 pair of boots (worn)
 q - +0 steam dragon scales (worn)
 u - a +1 pair of gloves (worn)
Magical Staves
 y - a staff of air (weapon)
Jewellery
 t - an amulet of faith
 B - an amulet of reflection (around neck)
 C - a ring of resist corrosion
 D - a ring of positive energy
 G - an amulet of guardian spirit
Wands
 b - a wand of iceblast (17)
 k - a wand of flame (20)
Scrolls
 e - 5 scrolls of teleportation
 j - a scroll of fear
 A - 2 scrolls of blinking
 F - 2 scrolls of identify
 H - a scroll of enchant weapon
 I - 2 scrolls of summoning {unknown}
Potions
 c - a potion of degeneration {unknown}
 f - 2 potions of haste
 g - a potion of berserk rage
 h - 2 potions of attraction
 i - 3 potions of flight
 l - 8 potions of curing
 m - a potion of ambrosia {unknown}
 n - 2 potions of lignification
 r - a potion of invisibility {unknown}
 v - a potion of brilliance {unknown}
 w - 4 potions of magic
 x - a potion of mutation {unknown}
 z - a potion of heal wounds {unknown}
 E - a potion of might {unknown}


   Skills:
 * Level 1.3 Fighting
 - Level 2.4 Dodging
 - Level 2.4 Stealth
 - Level 8.3 Spellcasting
 + Level 6.4 Conjurations
 * Level 12.1 Air Magic


You had 17 spell levels left.
You knew the following spells:

 Your Spells              Type           Power      Damage    Failure   Level
a - Shock                 Conj/Air       100%       1d9       1%          1
b - Swiftness             Air            82%        N/A       1%          3
c - Airstrike             Air            41%        N/A       1%          4

Your spell library contained the following spells:

 Spells                   Type           Power      Damage    Failure   Level
 Sandblast                Erth           20%        2d7       6%          1
 Static Discharge         Conj/Air       71%        N/A       1%          2


Dungeon Overview and Level Annotations

Branches:
Dungeon (9/15)             Temple (1/1) D:7           Sewer (visited)
   Lair: D:8-11         Orc: D:9-12

Altars:
Ashenzari
Cheibriados
Dithmenos
Elyvilon
Fedhas
Gozag
Kikubaaqudgha
Makhleb
Nemelex Xobeh
Okawaru
Qazlal
Ru
Sif Muna
Trog
Uskayaw
Vehumet
Wu Jian
Xom
Yredelemnul
Zin
The Shining One

Shops:
D:2 *(((   D:4 *   D:8 (*   D:9 [


Message History

The ice beast is almost dead.
The zap hits the polar bear!
The polar bear is severely wounded.
The polar bear goes berserk!
You feel a surge of power!
The zap hits the polar bear.
The polar bear is severely wounded.
The zap misses the ice beast.
The zap hits the ice beast.
The ice beast is almost dead.
The zap hits the polar bear but does no damage.
The polar bear is severely wounded.
The polar bear bites you!!
* * * LOW HITPOINT WARNING * * *
The polar bear claws you.
* * * LOW HITPOINT WARNING * * *
The polar bear completely misses you. x2; The polar bear misses you.
The polar bear claws you but does no damage.
You are too injured to fight recklessly!
Aiming: Airstrike (safe; 1% risk of failure)
Press: ? - help, Q - select action, (/) - cycle Dir - move target, f/p - polar bear
Aim: a polar bear (severely wounded, berserk, empty space bonus: 0/8)
You feel a surge of power!
The air twists around and strikes the polar bear.
The polar bear is almost dead.
The polar bear bites you.
* * * LOW HITPOINT WARNING * * *
The polar bear claws you.
* * * LOW HITPOINT WARNING * * *
The polar bear claws you but does no damage.
Aiming: Shock (safe; 1% risk of failure)
Press: ? - help, Q - select action, (/) - cycle Shift-Dir - straight line, f/p - polar bear
Aim: a polar bear (almost dead, berserk, 81% to hit)
You feel a surge of power!
The zap hits the polar bear.
The polar bear is almost dead.
The zap hits the ice beast.
You kill the ice beast!
Vehumet accepts your kill.
The zap hits the polar bear but does no damage.
The polar bear is almost dead.
The polar bear bites you!
You die...

##########
#.....h...
#.#####...
#h# #@#
#.# #.# .
#.# .. #.#
.. #.#
#.## #..##
##..####


You could see a polar bear (berserk).

Vanquished Creatures
  Pikel (D:6)
  2 yaks (D:9)
  A wyvern (D:8)
  2 steam dragons (D:8)
  Menkaure (D:4)
  2 black bears
  2 orc warriors (D:8)
  An ice beast (D:9)
  3 ogres
  3 centaurs
  4 lemures (D:6)
  A wolf (D:9)
  2 phantoms (D:6)
  4 kobold brigands
  6 bullfrogs
  2 scorpions
  A wyvern skeleton (D:7)
  A howler monkey (D:5)
  A bullfrog zombie (D:5)
  2 bullfrog skeletons
  2 hounds
  3 jellies
  A centaur skeleton (D:7)
  A gnoll shaman (D:6)
  An orc priest (D:5)
  Ijyb (D:4)
  An iguana (D:4)
  3 orc wizards
  A killer bee zombie (D:6)
  A hound zombie (D:5)
  2 howler monkey zombies
  Robin (D:3)
  7 adders
  11 gnolls
  A river rat (Sewer)
  A shadow imp (D:5)
  4 white imps
  An ufetubus (D:6)
  A worm (D:4)
  2 adder skeletons (D:4)
  A dart slug (D:5)
  21 orcs
  6 bats
  9 endoplasms
  3 giant cockroaches
  20 goblins
  10 hobgoblins
  8 jackals
  36 kobolds
  8 quokkas
  7 ball pythons
  3 frilled lizards
  10 rats
230 creatures vanquished.

Vanquished Creatures (others)
  3 plants (D:9)
3 creatures vanquished.

Grand Total: 233 creatures vanquished

Notes
Turn   | Place    | Note
-------+----------+-------------------------------------------
     0 | D:1      | nickcage the Deep Elf Air Elementalist began the quest for
                  | the Orb.
     0 | D:1      | Reached XP level 1. HP: 10/10 MP: 6/6
   362 | D:1      | Reached XP level 2. HP: 15/15 MP: 1/8
  1254 | D:2      | Reached skill level 4 in Air Magic
  1407 | D:2      | Found Vusish's Weapon Emporium.
  1456 | D:2      | Reached XP level 3. HP: 19/19 MP: 2/9
  1570 | D:2      | Learned a level 3 spell: Swiftness
  1974 | D:2      | Found Doroec's General Store.
  1981 | D:2      | Bought a scroll of identify for 20 gold pieces
  1994 | D:2      | Found a faded altar of an unknown god.
  2034 | D:2      | Reached XP level 4. HP: 24/24 MP: 6/10
  2082 | D:2      | Learned a level 4 spell: Airstrike
  2111 | D:2      | Reached skill level 5 in Air Magic
  2249 | D:2      | Found Hiesapno's Weapon Boutique.
  2250 | D:2      | Found Qergheor's Antique Weapon Shoppe.
  2645 | D:3      | Noticed Robin
  2651 | D:3      | Killed Robin
  3552 | D:4      | Reached XP level 5. HP: 28/28 MP: 8/12
  3602 | D:4      | Noticed an ogre
  3610 | D:4      | Killed an ogre
  3861 | D:4      | Reached XP level 6. HP: 32/32 MP: 8/14
  3886 | D:4      | Found a glowing drain.
  3890 | Sewer    | Entered a sewer
  3914 | Sewer    | Reached skill level 6 in Air Magic
  4217 | Sewer    | Reached skill level 5 in Spellcasting
  4847 | D:4      | Reached skill level 7 in Air Magic
  4847 | D:4      | Reached XP level 7. HP: 13/36 MP: 9/17
  5054 | D:4      | Noticed Menkaure
  5238 | D:4      | Noticed Ijyb
  5433 | D:4      | Killed Ijyb
  5995 | D:4      | Found Sicsaifa's Assorted Antiques.
  6005 | D:4      | Bought a scroll labelled DUXTETI UB WEM for 25 gold pieces
  6048 | D:4      | Killed Menkaure
  6049 | D:4      | Reached skill level 8 in Air Magic
  6730 | D:5      | Entered Level 5 of the Dungeon
  6737 | D:5      | Reached XP level 8. HP: 41/41 MP: 12/18
  7023 | D:4      | Upgraded the game from 0.28.0-47-ge53b351184 to
                  | 0.28.0-49-g6dfe1f597d
  7038 | D:5      | Reached skill level 9 in Air Magic
  7574 | D:5      | Reached skill level 5 in Conjurations
  8565 | D:6      | Noticed Pikel
  8597 | D:6      | Killed Pikel
  8598 | D:6      | Reached skill level 10 in Air Magic
  8598 | D:6      | Reached XP level 9. HP: 41/45 MP: 1/21
  9275 | D:7      | Found a staircase to the Ecumenical Temple.
  9288 | Temple   | Entered the Ecumenical Temple
  9407 | Temple   | Became a worshipper of Vehumet
  9803 | D:7      | Noticed a boulder beetle
 10504 | D:8      | Reached skill level 11 in Air Magic
 10648 | D:8      | Found Areniull's Antique Weapon Emporium.
 10839 | D:8      | Found Kaucekif's General Store.
 11500 | D:8      | Reached * piety under Vehumet
 11500 | D:8      | Offered knowledge of Sandblast by Vehumet.
 11624 | D:8      | Reached skill level 1 in Fighting
 12087 | D:9      | Found Sounosch's Antique Armour Emporium.
 12174 | D:9      | Reached skill level 12 in Air Magic
 12174 | D:9      | Reached XP level 10. HP: 31/52 MP: 17/24
 12344 | D:9      | HP: 2/52 [polar bear (5)]
 12345 | D:9      | Mangled by a polar bear

Illustrated notes

Levels and vault maps discovered:
D:1:      roderic_dead_forest, layout_loops_corners, minmay_close_crescents
D:2:      layout_basic, hellmonk_ecumenical_altar_crossroads, serial_shops,
          nicolae_shop_behind_doors, nicolae_shop_bloodbath_and_beyond,
          nicolae_shop_statue_plus, shop, fountainhead
D:3:      layout_basic, uniq_robin
D:4:      layout_basic, serial_shops, nicolae_lakefront_shop,
          gup_sewer_entry_spiral, grunt_ministairs_14,
          minmay_increasing_density, uniq_ijyb, uniq_menkaure
D:5:      layout_rooms
D:6:      layout_basic, uniq_pikel
D:7:      layout_loops_ring, minmay_temple_entry_statues_fountains,
          lemuel_flamethrower_2
D:8:      layout_gridville, enter_bailey_3, serial_shops, nicolae_shop_trees,
          nicolae_shop_temple_entry_statues_fountains
D:9:      layout_loops_ring, erik_lair_orcish_takeover, serial_shops,
          nicolae_shop_window_shopping, nicolae_take_the_stairs,
          nicolae_shop_stone, nicolae_lakefront_shop, serial_ice, serial_ice_m,
          serial_ice_d, serial_ice_e, serial_ice_f, serial_ice_g, serial_ice_j,
          serial_ice_n
Temple:   kilobyte_greek_temple

Skill      XL: |  1  2  3  4  5  6  7  8  9 |
---------------+----------------------------+-----
Air Magic      | 4 5 7 8 10 12 | 12.1
Spellcasting   | 4 5 6 8 |  8.3
Conjurations   | 2 3 5 6 |  6.4
Fighting       | 1 |  1.3
Dodging        | |  2.4
Stealth        | |  2.4

Action                   |  1- 3 |  4- 6 |  7- 9 | 10-12 || total
-------------------------+-------+-------+-------+-------++-------
Melee: Dagger            |       |     4 |       |       ||     4
       Short sword       |       |       |    13 |       ||    13
 Cast: Shock             |    82 |   147 |   300 |    15 ||   544
       Swiftness         |       |       |     3 |       ||     3
       Airstrike         |       |       |    37 |     1 ||    38
  Use: Scroll            |     4 |     5 |    11 |       ||    20
Armor: Robe              |       |     6 |    33 |       ||    39
       Steam dragon scal |       |       |    11 |     5 ||    16
Dodge: Dodged            |    10 |    25 |    66 |     7 ||   108
Block: Other             |       |       |    10 |     1 ||    11
